Workbook

Sheet Simulador
A1: Concepto | B1: Valor | C1: Notas
A2: Precio del vehículo | B2: 24000 | C2: Dato de entrada (azul): precio total del coche
A3: Entrada inicial | B3: 4800 | C3: Dato de entrada: importe, no porcentaje
A4: Importe a financiar | B4: =MAX(0,B2-B3) | C4: Precio menos entrada
A5: TIN anual (decimal) | B5: 0.075 | C5: Dato de entrada: 0,075 = 7,5 %. Valor de ejemplo, no un tipo vigente
A6: Plazo en meses (máx. 72) | B6: 60 | C6: Dato de entrada: la tabla llega hasta 72 meses
A7: Tipo de interés mensual | B7: =B5/12 | C7: TIN dividido entre 12
A8: Cuota mensual | B8: =IF(B6<=0,0,IF(B5=0,B4/B6,PMT(B7,B6,-B4))) | C8: Cuota constante (sistema francés) con PMT
A9: Total pagado en cuotas | B9: =B8*B6 | C9: Cuota por número de meses
A10: Intereses totales | B10: =B9-B4 | C10: Total pagado menos importe financiado
A11: Coste total del coche | B11: =B3+B9 | C11: Entrada más todas las cuotas
A12: Aviso de plazo | B12: =IF(B6>72,"El plazo supera 72 meses: la tabla solo llega a 72","Plazo correcto") | C12: Comprueba que la tabla cubre todo el préstamo

Sheet Amortización
A1: Mes | B1: Cuota | C1: Intereses | D1: Capital | E1: Saldo pendiente
A2: =IF(1<=Simulador!$B$6,1,"") | B2: =IF(A2="","",Simulador!$B$8) | C2: =IF(A2="","",Simulador!$B$4*Simulador!$B$7) | D2: =IF(A2="","",B2-C2) | E2: =IF(A2="","",ROUND(Simulador!$B$4-D2,6))
A3: =IF(2<=Simulador!$B$6,2,"") | B3: =IF(A3="","",Simulador!$B$8) | C3: =IF(A3="","",E2*Simulador!$B$7) | D3: =IF(A3="","",B3-C3) | E3: =IF(A3="","",ROUND(E2-D3,6))
A4: =IF(3<=Simulador!$B$6,3,"") | B4: =IF(A4="","",Simulador!$B$8) | C4: =IF(A4="","",E3*Simulador!$B$7) | D4: =IF(A4="","",B4-C4) | E4: =IF(A4="","",ROUND(E3-D4,6))
A5: =IF(4<=Simulador!$B$6,4,"") | B5: =IF(A5="","",Simulador!$B$8) | C5: =IF(A5="","",E4*Simulador!$B$7) | D5: =IF(A5="","",B5-C5) | E5: =IF(A5="","",ROUND(E4-D5,6))
A6: =IF(5<=Simulador!$B$6,5,"") | B6: =IF(A6="","",Simulador!$B$8) | C6: =IF(A6="","",E5*Simulador!$B$7) | D6: =IF(A6="","",B6-C6) | E6: =IF(A6="","",ROUND(E5-D6,6))
A7: =IF(6<=Simulador!$B$6,6,"") | B7: =IF(A7="","",Simulador!$B$8) | C7: =IF(A7="","",E6*Simulador!$B$7) | D7: =IF(A7="","",B7-C7) | E7: =IF(A7="","",ROUND(E6-D7,6))
A8: =IF(7<=Simulador!$B$6,7,"") | B8: =IF(A8="","",Simulador!$B$8) | C8: =IF(A8="","",E7*Simulador!$B$7) | D8: =IF(A8="","",B8-C8) | E8: =IF(A8="","",ROUND(E7-D8,6))
A9: =IF(8<=Simulador!$B$6,8,"") | B9: =IF(A9="","",Simulador!$B$8) | C9: =IF(A9="","",E8*Simulador!$B$7) | D9: =IF(A9="","",B9-C9) | E9: =IF(A9="","",ROUND(E8-D9,6))
A10: =IF(9<=Simulador!$B$6,9,"") | B10: =IF(A10="","",Simulador!$B$8) | C10: =IF(A10="","",E9*Simulador!$B$7) | D10: =IF(A10="","",B10-C10) | E10: =IF(A10="","",ROUND(E9-D10,6))
A11: =IF(10<=Simulador!$B$6,10,"") | B11: =IF(A11="","",Simulador!$B$8) | C11: =IF(A11="","",E10*Simulador!$B$7) | D11: =IF(A11="","",B11-C11) | E11: =IF(A11="","",ROUND(E10-D11,6))
A12: =IF(11<=Simulador!$B$6,11,"") | B12: =IF(A12="","",Simulador!$B$8) | C12: =IF(A12="","",E11*Simulador!$B$7) | D12: =IF(A12="","",B12-C12) | E12: =IF(A12="","",ROUND(E11-D12,6))
A13: =IF(12<=Simulador!$B$6,12,"") | B13: =IF(A13="","",Simulador!$B$8) | C13: =IF(A13="","",E12*Simulador!$B$7) | D13: =IF(A13="","",B13-C13) | E13: =IF(A13="","",ROUND(E12-D13,6))
A14: =IF(13<=Simulador!$B$6,13,"") | B14: =IF(A14="","",Simulador!$B$8) | C14: =IF(A14="","",E13*Simulador!$B$7) | D14: =IF(A14="","",B14-C14) | E14: =IF(A14="","",ROUND(E13-D14,6))
A15: =IF(14<=Simulador!$B$6,14,"") | B15: =IF(A15="","",Simulador!$B$8) | C15: =IF(A15="","",E14*Simulador!$B$7) | D15: =IF(A15="","",B15-C15) | E15: =IF(A15="","",ROUND(E14-D15,6))
A16: =IF(15<=Simulador!$B$6,15,"") | B16: =IF(A16="","",Simulador!$B$8) | C16: =IF(A16="","",E15*Simulador!$B$7) | D16: =IF(A16="","",B16-C16) | E16: =IF(A16="","",ROUND(E15-D16,6))
A17: =IF(16<=Simulador!$B$6,16,"") | B17: =IF(A17="","",Simulador!$B$8) | C17: =IF(A17="","",E16*Simulador!$B$7) | D17: =IF(A17="","",B17-C17) | E17: =IF(A17="","",ROUND(E16-D17,6))
A18: =IF(17<=Simulador!$B$6,17,"") | B18: =IF(A18="","",Simulador!$B$8) | C18: =IF(A18="","",E17*Simulador!$B$7) | D18: =IF(A18="","",B18-C18) | E18: =IF(A18="","",ROUND(E17-D18,6))
A19: =IF(18<=Simulador!$B$6,18,"") | B19: =IF(A19="","",Simulador!$B$8) | C19: =IF(A19="","",E18*Simulador!$B$7) | D19: =IF(A19="","",B19-C19) | E19: =IF(A19="","",ROUND(E18-D19,6))
A20: =IF(19<=Simulador!$B$6,19,"") | B20: =IF(A20="","",Simulador!$B$8) | C20: =IF(A20="","",E19*Simulador!$B$7) | D20: =IF(A20="","",B20-C20) | E20: =IF(A20="","",ROUND(E19-D20,6))
A21: =IF(20<=Simulador!$B$6,20,"") | B21: =IF(A21="","",Simulador!$B$8) | C21: =IF(A21="","",E20*Simulador!$B$7) | D21: =IF(A21="","",B21-C21) | E21: =IF(A21="","",ROUND(E20-D21,6))
A22: =IF(21<=Simulador!$B$6,21,"") | B22: =IF(A22="","",Simulador!$B$8) | C22: =IF(A22="","",E21*Simulador!$B$7) | D22: =IF(A22="","",B22-C22) | E22: =IF(A22="","",ROUND(E21-D22,6))
A23: =IF(22<=Simulador!$B$6,22,"") | B23: =IF(A23="","",Simulador!$B$8) | C23: =IF(A23="","",E22*Simulador!$B$7) | D23: =IF(A23="","",B23-C23) | E23: =IF(A23="","",ROUND(E22-D23,6))
A24: =IF(23<=Simulador!$B$6,23,"") | B24: =IF(A24="","",Simulador!$B$8) | C24: =IF(A24="","",E23*Simulador!$B$7) | D24: =IF(A24="","",B24-C24) | E24: =IF(A24="","",ROUND(E23-D24,6))
A25: =IF(24<=Simulador!$B$6,24,"") | B25: =IF(A25="","",Simulador!$B$8) | C25: =IF(A25="","",E24*Simulador!$B$7) | D25: =IF(A25="","",B25-C25) | E25: =IF(A25="","",ROUND(E24-D25,6))
A26: =IF(25<=Simulador!$B$6,25,"") | B26: =IF(A26="","",Simulador!$B$8) | C26: =IF(A26="","",E25*Simulador!$B$7) | D26: =IF(A26="","",B26-C26) | E26: =IF(A26="","",ROUND(E25-D26,6))
A27: =IF(26<=Simulador!$B$6,26,"") | B27: =IF(A27="","",Simulador!$B$8) | C27: =IF(A27="","",E26*Simulador!$B$7) | D27: =IF(A27="","",B27-C27) | E27: =IF(A27="","",ROUND(E26-D27,6))
A28: =IF(27<=Simulador!$B$6,27,"") | B28: =IF(A28="","",Simulador!$B$8) | C28: =IF(A28="","",E27*Simulador!$B$7) | D28: =IF(A28="","",B28-C28) | E28: =IF(A28="","",ROUND(E27-D28,6))
A29: =IF(28<=Simulador!$B$6,28,"") | B29: =IF(A29="","",Simulador!$B$8) | C29: =IF(A29="","",E28*Simulador!$B$7) | D29: =IF(A29="","",B29-C29) | E29: =IF(A29="","",ROUND(E28-D29,6))
A30: =IF(29<=Simulador!$B$6,29,"") | B30: =IF(A30="","",Simulador!$B$8) | C30: =IF(A30="","",E29*Simulador!$B$7) | D30: =IF(A30="","",B30-C30) | E30: =IF(A30="","",ROUND(E29-D30,6))
A31: =IF(30<=Simulador!$B$6,30,"") | B31: =IF(A31="","",Simulador!$B$8) | C31: =IF(A31="","",E30*Simulador!$B$7) | D31: =IF(A31="","",B31-C31) | E31: =IF(A31="","",ROUND(E30-D31,6))
A32: =IF(31<=Simulador!$B$6,31,"") | B32: =IF(A32="","",Simulador!$B$8) | C32: =IF(A32="","",E31*Simulador!$B$7) | D32: =IF(A32="","",B32-C32) | E32: =IF(A32="","",ROUND(E31-D32,6))
A33: =IF(32<=Simulador!$B$6,32,"") | B33: =IF(A33="","",Simulador!$B$8) | C33: =IF(A33="","",E32*Simulador!$B$7) | D33: =IF(A33="","",B33-C33) | E33: =IF(A33="","",ROUND(E32-D33,6))
A34: =IF(33<=Simulador!$B$6,33,"") | B34: =IF(A34="","",Simulador!$B$8) | C34: =IF(A34="","",E33*Simulador!$B$7) | D34: =IF(A34="","",B34-C34) | E34: =IF(A34="","",ROUND(E33-D34,6))
A35: =IF(34<=Simulador!$B$6,34,"") | B35: =IF(A35="","",Simulador!$B$8) | C35: =IF(A35="","",E34*Simulador!$B$7) | D35: =IF(A35="","",B35-C35) | E35: =IF(A35="","",ROUND(E34-D35,6))
A36: =IF(35<=Simulador!$B$6,35,"") | B36: =IF(A36="","",Simulador!$B$8) | C36: =IF(A36="","",E35*Simulador!$B$7) | D36: =IF(A36="","",B36-C36) | E36: =IF(A36="","",ROUND(E35-D36,6))
A37: =IF(36<=Simulador!$B$6,36,"") | B37: =IF(A37="","",Simulador!$B$8) | C37: =IF(A37="","",E36*Simulador!$B$7) | D37: =IF(A37="","",B37-C37) | E37: =IF(A37="","",ROUND(E36-D37,6))
A38: =IF(37<=Simulador!$B$6,37,"") | B38: =IF(A38="","",Simulador!$B$8) | C38: =IF(A38="","",E37*Simulador!$B$7) | D38: =IF(A38="","",B38-C38) | E38: =IF(A38="","",ROUND(E37-D38,6))
A39: =IF(38<=Simulador!$B$6,38,"") | B39: =IF(A39="","",Simulador!$B$8) | C39: =IF(A39="","",E38*Simulador!$B$7) | D39: =IF(A39="","",B39-C39) | E39: =IF(A39="","",ROUND(E38-D39,6))
A40: =IF(39<=Simulador!$B$6,39,"") | B40: =IF(A40="","",Simulador!$B$8) | C40: =IF(A40="","",E39*Simulador!$B$7) | D40: =IF(A40="","",B40-C40) | E40: =IF(A40="","",ROUND(E39-D40,6))
A41: =IF(40<=Simulador!$B$6,40,"") | B41: =IF(A41="","",Simulador!$B$8) | C41: =IF(A41="","",E40*Simulador!$B$7) | D41: =IF(A41="","",B41-C41) | E41: =IF(A41="","",ROUND(E40-D41,6))
A42: =IF(41<=Simulador!$B$6,41,"") | B42: =IF(A42="","",Simulador!$B$8) | C42: =IF(A42="","",E41*Simulador!$B$7) | D42: =IF(A42="","",B42-C42) | E42: =IF(A42="","",ROUND(E41-D42,6))
A43: =IF(42<=Simulador!$B$6,42,"") | B43: =IF(A43="","",Simulador!$B$8) | C43: =IF(A43="","",E42*Simulador!$B$7) | D43: =IF(A43="","",B43-C43) | E43: =IF(A43="","",ROUND(E42-D43,6))
A44: =IF(43<=Simulador!$B$6,43,"") | B44: =IF(A44="","",Simulador!$B$8) | C44: =IF(A44="","",E43*Simulador!$B$7) | D44: =IF(A44="","",B44-C44) | E44: =IF(A44="","",ROUND(E43-D44,6))
A45: =IF(44<=Simulador!$B$6,44,"") | B45: =IF(A45="","",Simulador!$B$8) | C45: =IF(A45="","",E44*Simulador!$B$7) | D45: =IF(A45="","",B45-C45) | E45: =IF(A45="","",ROUND(E44-D45,6))
A46: =IF(45<=Simulador!$B$6,45,"") | B46: =IF(A46="","",Simulador!$B$8) | C46: =IF(A46="","",E45*Simulador!$B$7) | D46: =IF(A46="","",B46-C46) | E46: =IF(A46="","",ROUND(E45-D46,6))
A47: =IF(46<=Simulador!$B$6,46,"") | B47: =IF(A47="","",Simulador!$B$8) | C47: =IF(A47="","",E46*Simulador!$B$7) | D47: =IF(A47="","",B47-C47) | E47: =IF(A47="","",ROUND(E46-D47,6))
A48: =IF(47<=Simulador!$B$6,47,"") | B48: =IF(A48="","",Simulador!$B$8) | C48: =IF(A48="","",E47*Simulador!$B$7) | D48: =IF(A48="","",B48-C48) | E48: =IF(A48="","",ROUND(E47-D48,6))
A49: =IF(48<=Simulador!$B$6,48,"") | B49: =IF(A49="","",Simulador!$B$8) | C49: =IF(A49="","",E48*Simulador!$B$7) | D49: =IF(A49="","",B49-C49) | E49: =IF(A49="","",ROUND(E48-D49,6))
A50: =IF(49<=Simulador!$B$6,49,"") | B50: =IF(A50="","",Simulador!$B$8) | C50: =IF(A50="","",E49*Simulador!$B$7) | D50: =IF(A50="","",B50-C50) | E50: =IF(A50="","",ROUND(E49-D50,6))
A51: =IF(50<=Simulador!$B$6,50,"") | B51: =IF(A51="","",Simulador!$B$8) | C51: =IF(A51="","",E50*Simulador!$B$7) | D51: =IF(A51="","",B51-C51) | E51: =IF(A51="","",ROUND(E50-D51,6))
A52: =IF(51<=Simulador!$B$6,51,"") | B52: =IF(A52="","",Simulador!$B$8) | C52: =IF(A52="","",E51*Simulador!$B$7) | D52: =IF(A52="","",B52-C52) | E52: =IF(A52="","",ROUND(E51-D52,6))
A53: =IF(52<=Simulador!$B$6,52,"") | B53: =IF(A53="","",Simulador!$B$8) | C53: =IF(A53="","",E52*Simulador!$B$7) | D53: =IF(A53="","",B53-C53) | E53: =IF(A53="","",ROUND(E52-D53,6))
A54: =IF(53<=Simulador!$B$6,53,"") | B54: =IF(A54="","",Simulador!$B$8) | C54: =IF(A54="","",E53*Simulador!$B$7) | D54: =IF(A54="","",B54-C54) | E54: =IF(A54="","",ROUND(E53-D54,6))
A55: =IF(54<=Simulador!$B$6,54,"") | B55: =IF(A55="","",Simulador!$B$8) | C55: =IF(A55="","",E54*Simulador!$B$7) | D55: =IF(A55="","",B55-C55) | E55: =IF(A55="","",ROUND(E54-D55,6))
A56: =IF(55<=Simulador!$B$6,55,"") | B56: =IF(A56="","",Simulador!$B$8) | C56: =IF(A56="","",E55*Simulador!$B$7) | D56: =IF(A56="","",B56-C56) | E56: =IF(A56="","",ROUND(E55-D56,6))
A57: =IF(56<=Simulador!$B$6,56,"") | B57: =IF(A57="","",Simulador!$B$8) | C57: =IF(A57="","",E56*Simulador!$B$7) | D57: =IF(A57="","",B57-C57) | E57: =IF(A57="","",ROUND(E56-D57,6))
A58: =IF(57<=Simulador!$B$6,57,"") | B58: =IF(A58="","",Simulador!$B$8) | C58: =IF(A58="","",E57*Simulador!$B$7) | D58: =IF(A58="","",B58-C58) | E58: =IF(A58="","",ROUND(E57-D58,6))
A59: =IF(58<=Simulador!$B$6,58,"") | B59: =IF(A59="","",Simulador!$B$8) | C59: =IF(A59="","",E58*Simulador!$B$7) | D59: =IF(A59="","",B59-C59) | E59: =IF(A59="","",ROUND(E58-D59,6))
A60: =IF(59<=Simulador!$B$6,59,"") | B60: =IF(A60="","",Simulador!$B$8) | C60: =IF(A60="","",E59*Simulador!$B$7) | D60: =IF(A60="","",B60-C60) | E60: =IF(A60="","",ROUND(E59-D60,6))
A61: =IF(60<=Simulador!$B$6,60,"") | B61: =IF(A61="","",Simulador!$B$8) | C61: =IF(A61="","",E60*Simulador!$B$7) | D61: =IF(A61="","",B61-C61) | E61: =IF(A61="","",ROUND(E60-D61,6))
A62: =IF(61<=Simulador!$B$6,61,"") | B62: =IF(A62="","",Simulador!$B$8) | C62: =IF(A62="","",E61*Simulador!$B$7) | D62: =IF(A62="","",B62-C62) | E62: =IF(A62="","",ROUND(E61-D62,6))
A63: =IF(62<=Simulador!$B$6,62,"") | B63: =IF(A63="","",Simulador!$B$8) | C63: =IF(A63="","",E62*Simulador!$B$7) | D63: =IF(A63="","",B63-C63) | E63: =IF(A63="","",ROUND(E62-D63,6))
A64: =IF(63<=Simulador!$B$6,63,"") | B64: =IF(A64="","",Simulador!$B$8) | C64: =IF(A64="","",E63*Simulador!$B$7) | D64: =IF(A64="","",B64-C64) | E64: =IF(A64="","",ROUND(E63-D64,6))
A65: =IF(64<=Simulador!$B$6,64,"") | B65: =IF(A65="","",Simulador!$B$8) | C65: =IF(A65="","",E64*Simulador!$B$7) | D65: =IF(A65="","",B65-C65) | E65: =IF(A65="","",ROUND(E64-D65,6))
A66: =IF(65<=Simulador!$B$6,65,"") | B66: =IF(A66="","",Simulador!$B$8) | C66: =IF(A66="","",E65*Simulador!$B$7) | D66: =IF(A66="","",B66-C66) | E66: =IF(A66="","",ROUND(E65-D66,6))
A67: =IF(66<=Simulador!$B$6,66,"") | B67: =IF(A67="","",Simulador!$B$8) | C67: =IF(A67="","",E66*Simulador!$B$7) | D67: =IF(A67="","",B67-C67) | E67: =IF(A67="","",ROUND(E66-D67,6))
A68: =IF(67<=Simulador!$B$6,67,"") | B68: =IF(A68="","",Simulador!$B$8) | C68: =IF(A68="","",E67*Simulador!$B$7) | D68: =IF(A68="","",B68-C68) | E68: =IF(A68="","",ROUND(E67-D68,6))
A69: =IF(68<=Simulador!$B$6,68,"") | B69: =IF(A69="","",Simulador!$B$8) | C69: =IF(A69="","",E68*Simulador!$B$7) | D69: =IF(A69="","",B69-C69) | E69: =IF(A69="","",ROUND(E68-D69,6))
A70: =IF(69<=Simulador!$B$6,69,"") | B70: =IF(A70="","",Simulador!$B$8) | C70: =IF(A70="","",E69*Simulador!$B$7) | D70: =IF(A70="","",B70-C70) | E70: =IF(A70="","",ROUND(E69-D70,6))
A71: =IF(70<=Simulador!$B$6,70,"") | B71: =IF(A71="","",Simulador!$B$8) | C71: =IF(A71="","",E70*Simulador!$B$7) | D71: =IF(A71="","",B71-C71) | E71: =IF(A71="","",ROUND(E70-D71,6))
A72: =IF(71<=Simulador!$B$6,71,"") | B72: =IF(A72="","",Simulador!$B$8) | C72: =IF(A72="","",E71*Simulador!$B$7) | D72: =IF(A72="","",B72-C72) | E72: =IF(A72="","",ROUND(E71-D72,6))
A73: =IF(72<=Simulador!$B$6,72,"") | B73: =IF(A73="","",Simulador!$B$8) | C73: =IF(A73="","",E72*Simulador!$B$7) | D73: =IF(A73="","",B73-C73) | E73: =IF(A73="","",ROUND(E72-D73,6))
